AoeStats
← Mr. Penis

Arena

505213332Analyzed
4v4 RM · 23d ago on Sep 8, 2026· 38m 53s· 8 players
Game mode
Random Map
Map size
Large (8 player)
Population
200
Speed
Normal
Resources
Standard
Victory
Conquest
Starting age
Dark Age
Ending age
Imperial Age
RankedLock teamsTeams togetherTeam positionsShared explorationLock speedFull tech treeHidden civsTurbo modeCheats
Victory
Defeat
🇲🇽 Bohemians · Mexico
1126
+16
🇮🇹 Britons · Italy
1114
+17
🇦🇺 Mapuche · Australia
1106
+17
🇺🇸 Teutons · United States
1091
+17
🇨🇳 Italians · China
1167
-18
🇷🇺 Jurchens · Russia
1158
-18
🇹🇼 Ethiopians · Taiwan
1107
-16
🇦🇷 Turks · Argentina
1084
-15
SirArthurKORT
9:19 Loom
11:24 Feudal Age
13:49 Double-Bit Axe
16:42 Castle Age
20:34 Gold Mining
32:26 Horse Collar
33:08 Fletching
35:39 Bow Saw
37:23 Wheelbarrow
36:33 Town Watch
36:43 Stone Mining
39:14 Forging
39:09 Scale Barding Armor
39:17 Forging
39:42 Bloodlines
Cuauhpilli
10:42 Feudal Age
15:05 Castle Age
13:05 Double-Bit Axe
16:08 Bow Saw
16:22 Loom
23:09 Fervor
28:10 Imperial Age
26:42 Wheelbarrow
25:59 Pikeman
26:40 Squires
26:35 Horse Collar
27:43 Scale Mail Armor
27:54 Forging
27:32 Treadmill Crane
28:53 Chemistry
27:37 Treadmill Crane
28:20 Arson
28:31 Halberdier
29:44 Hand Cart
30:50 Heavy Plow
33:57 Chain Mail Armor
34:18 Iron Casting
35:41 Plate Mail Armor
35:50 Conscription
35:40 Wagenburg Tactics
36:51 Houfnice
37:56 Ballistics
锋
9:23 Feudal Age
10:14 Double-Bit Axe
15:19 Castle Age
15:12 Horse Collar
16:31 Bow Saw
21:48 Wheelbarrow
24:03 Hand Cart
29:04 Imperial Age
26:50 Gold Mining
26:50 Stone Mining
27:17 Fletching
27:27 Padded Archer Armor
27:16 Loom
27:17 Town Watch
27:56 Masonry
27:30 Treadmill Crane
28:11 Ballistics
27:59 Town Patrol
28:39 Gold Shaft Mining
29:08 Masonry
30:54 Chemistry
30:00 Siege Engineers
30:15 Leather Archer Armor
29:55 Bodkin Arrow
30:34 Architecture
30:29 Conscription
30:31 Yeomen
30:58 Elite Longbowman
31:27 Capped Ram
32:43 Bracer
33:13 Ring Archer Armor
34:34 Forging
34:23 Murder Holes
35:03 Crossbowman
36:27 Warwolf
36:03 Arbalester
39:29 Iron Casting
38:54 Scale Mail Armor
ufokinw0tm8
3:12 Loom
10:26 Feudal Age
14:23 Castle Age
13:05 Double-Bit Axe
13:03 Horse Collar
15:55 Bow Saw
16:55 Wheelbarrow
16:40 Loom
21:13 Heavy Plow
21:55 Gold Mining
22:37 Stone Mining
27:02 Imperial Age
25:14 Fletching
26:00 Hand Cart
25:35 Town Watch
25:51 Bodkin Arrow
27:26 Ballistics
28:01 Gold Shaft Mining
27:34 Town Patrol
27:37 Malon
28:23 Butalmapu
29:49 Chemistry
28:53 Padded Archer Armor
29:35 Conscription
30:22 Leather Archer Armor
30:54 Crop Rotation
30:20 Elite Bolas Rider
33:24 Ring Archer Armor
32:18 Elite Skirmisher
35:41 Treadmill Crane
Jason
8:38 Loom
11:24 Feudal Age
12:26 Double-Bit Axe
15:19 Castle Age
17:01 Wheelbarrow
24:41 Horse Collar
25:29 Gold Mining
28:00 Fortified Wall
29:07 Bow Saw
31:53 Imperial Age
29:59 Scale Mail Armor
30:57 Forging
31:03 Chain Mail Armor
32:16 Iron Casting
33:00 Squires
33:12 Elite Shotel Warrior
Toji
7:16 Loom
11:34 Feudal Age
12:22 Double-Bit Axe
12:29 Horse Collar
16:22 Castle Age
18:40 Wheelbarrow
20:53 Bow Saw
21:15 Heavy Plow
21:09 Gold Mining
22:44 Stone Mining
24:32 Padded Archer Armor
24:23 Fletching
25:42 Crossbowman
28:46 Bodkin Arrow
30:07 Padded Archer Armor
35:13 Hand Cart
34:48 Town Watch
36:55 Leather Archer Armor
666
10:31 Feudal Age
11:23 Double-Bit Axe
13:01 Horse Collar
16:36 Castle Age
17:47 Wheelbarrow
17:41 Bow Saw
22:07 Gold Mining
28:19 Imperial Age
26:08 Stone Mining
26:57 Fletching
27:07 Padded Archer Armor
27:58 Stone Shaft Mining
28:24 Bodkin Arrow
28:44 Leather Archer Armor
28:38 Loom
29:10 Hand Cart
29:54 Bracer
30:05 Forging
29:55 Scale Mail Armor
31:13 Ballistics
33:16 Ring Archer Armor
32:10 Elite Genoese Crossbowman
32:37 Treadmill Crane
33:58 Chemistry
34:58 Two-Man Saw
35:07 Iron Casting
34:37 Scale Barding Armor
36:36 Bloodlines
35:46 Light Cavalry
37:29 Blast Furnace
36:49 Chain Barding Armor
36:58 Hussar
37:39 Husbandry
38:16 Plate Barding Armor
Mr. Penis
11:02 Feudal Age
12:17 Double-Bit Axe
12:26 Horse Collar
15:16 Castle Age
17:17 Bow Saw
18:42 Heavy Plow
19:13 Fervor
20:48 Sanctity
22:17 Wheelbarrow
23:14 Gold Mining
23:14 Stone Mining
25:38 Gold Shaft Mining
25:40 Stone Shaft Mining
26:49 Loom
27:19 Hand Cart
26:50 Town Watch
29:39 Imperial Age
27:43 Fortified Wall
28:45 Siege Engineers
28:52 Masonry
28:55 Town Patrol
30:03 Ballistics
31:13 Architecture
30:23 Treadmill Crane
31:16 Architecture
31:22 Block Printing
31:33 Illumination
33:13 Chemistry
31:59 Arrowslits
33:24 Crop Rotation
34:30 Two-Man Saw
35:45 Conscription
36:01 Hoardings
35:26 Fortified Bastions
35:44 Heavy Cavalry Archer
36:20 Fletching
36:31 Padded Archer Armor
37:26 Bodkin Arrow
37:37 Scale Barding Armor
37:43 Forging
39:02 Bloodlines
38:52 Husbandry
Connection lost

Rejoining the realm…

Still unreachable

The connection could not be restored.

Session expired

The server has moved on; the page needs a fresh start.